cohdb
Replays
Latest Replays
All Replays
Popular Replays
Top Player Replays
Match Explorer
How It Works
Community
CoH3 Stats
Reddit
Sign in to upload your games and track your stats! →
Sign in with Steam
Match 41219429
Unlisted
Match 41219429
Overview
Messages
Build Orders
End
Selects Heavy Weapons
Construct Weapon Support Center
M1919 Machine Gun Team
Sniper
Engineer Squad
Bazooka Squad
Selects M2HB .50cal Heavy Machine Gun
Mechanized Support Center
M1919 Machine Gun Team
Construct Motor Pool
Construct Medical Station
Bazooka Squad
Improved M9 Bazooka Rockets
Selects Gallant Stand
M1 Anti-tank Gun Team
Selects Bolstered Team Weapons
M3 Armored Personnel Carrier
Gallant Stand
M8 Greyhound Armored Car
Selects Assault Carriers
Selects Halftrack Strongpoints
nilshousker
BigNol
Admiral Jolteon
Disarmed
Unsafe
(◣✠◢) John1986 ✠
0
0
Comments
sign in to comment!
No comments posted yet!